 Dungeon Crawl Stone Soup version 0.27-a0-1202-ge72e49191c (webtiles) character file.

Game seed: 6675662260177860094

46 sanka the Skirmisher (level 3, -1/33 HPs)
             Began as a Ghoul Fighter on June 4, 2021.
             Slain by an iguana (9 damage)
             ... on level 2 of the Dungeon.
             The game lasted 00:01:14 (1888 turns).

sanka the Skirmisher (Ghoul Fighter)                Turns: 1888, Time: 00:01:14

Health: -1/33      AC:  6    Str: 19    XL:     3   Next: 66%
Magic:  2/2        EV:  7    Int:  3    God:
Gold:   79         SH:  8    Dex:  9    Spells: 2/2 levels left

rFire    . . .     SeeInvis .   a - +0 war axe
rCold    + . .     Faith    .   c - +0 kite shield
rNeg     + + +     Spirit   .   b - +0 scale mail
rPois    ∞         Reflect  .   (no helmet)
rElec    .         Harm     .   (no cloak)
rCorr    .         Rampage  .   (no gloves)
Will     .....                  (no boots)
Stlth    ..........             (no amulet)
HPRegen  0.00/turn              (no ring)
MPRegen  0.08/turn              (no ring)

@: no status effects
A: claws 1, cold resistance 1, negative energy resistance 3, inhibited
regeneration, torment resistance 2
a: no special abilities


You were on level 2 of the Dungeon.
You visited 1 branch of the dungeon, and saw 2 of its levels.

You collected 79 gold pieces.


Innate Abilities, Weirdness & Mutations

You thrive by killing the living.
You are immune to poison.
You have sharp fingernails.
Your flesh is cold resistant. (rC+)
You are immune to negative energy. (rN+++)
You do not regenerate when monsters are visible.
You are immune to unholy pain and torment.


   Skills:
 + Level 3.9 Fighting
 * Level 3.1 Axes
 - Level 2.6 Armour
 - Level 2.6 Shields


You had 2 spell levels left.
You didn't know any spells.
Your spell library was empty.

Inventory:

Hand Weapons
 a - a +0 war axe (weapon)
Armour
 b - a +0 scale mail (worn)
 c - a +0 kite shield (worn)
Magical Staves
 k - a staff of death
Scrolls
 e - a scroll of noise {unknown}
 f - a scroll of amnesia {unknown}
 h - a scroll of identify {unknown}
 i - 3 scrolls of teleportation {unknown}
 l - a scroll of blinking {unknown}
Potions
 d - a potion of might
 g - a potion of heal wounds {unknown}
 j - a potion of mutation {unknown}

Dungeon Overview and Level Annotations

Branches:
Dungeon (2/15)

Altars:

▒ ▒......▒
▒.▒ ▒
▒......▒ ▒.▒
▒ ▒......▒
▒.▒
▒▒▒▒▒▒.▒▒▒▒▒
▒.▒
▒......▒▒▒▒▒▒
▒.▒
▒...........▒
▒.▒
▒......▒▒▒▒.▒
▒.▒ ▒......▒
▒.▒ ▒.▒
▒......▒ ▒.▒
▒n▒ ▒......▒
▒.▒ ▒l▒
▒....>.▒ ▒.▒
▒.▒ ▒▒▒▒▒▒▒▒
▒.▒ ▒.▒ ▒.▒
▒.▒ ▒.▒ ▒.▒
▒.▒ ▒.▒ ▒.▒
▒.▒ ▒.▒


You could see an iguana.


Message History

You kill the rat!
No target in view!
No target in view!
You see here a rat corpse.
You now have 79 gold pieces (gained 9).
Found an escape hatch in the floor.
An iguana comes into view.
The iguana hisses angrily.
An iguana is nearby!
An iguana is nearby!
The iguana bites you!
You barely miss the iguana. The iguana bites you.
You block the iguana's attack.
You closely miss the iguana. You block the iguana's attack.
You hit the iguana.
The iguana is heavily wounded.
The iguana bites you.
* * * LOW HITPOINT WARNING * * *
You block the iguana's attack.
You barely miss the iguana.
The iguana is heavily wounded.
You block the iguana's attack.
You hit the iguana.
The iguana is severely wounded.
The iguana bites you.
* * * LOW HITPOINT WARNING * * *
The iguana bites you!
You die...

Action                   || total
-------------------------++-------
Melee: War axe           ||   100
Armor: Scale mail        ||    42
Dodge: Dodged            ||    34
Block: Kite shield       ||    62

Levels and vault maps discovered:
D:1:      lemuel_arrival_rhombus, layout_basic, shapermc_ecumenical_altar_venn,
          grunt_decor_cap, bh_walls_and_bars
D:2:      layout_basic, kennysheep_generic_room_8, uniq_natasha

Notes
Turn   | Place    | Note
-------+----------+-------------------------------------------
     0 | D:1      | sanka the Ghoul Fighter began the quest for the Orb.
     0 | D:1      | Reached XP level 1. HP: 19/19 MP: 0/0
   166 | D:1      | Reached skill level 2 in Axes
   326 | D:1      | Reached XP level 2. HP: 25/26 MP: 1/1
   966 | D:1      | Found a faded altar of an unknown god.
  1351 | D:2      | Reached XP level 3. HP: 33/33 MP: 2/2
  1670 | D:2      | Reached skill level 3 in Axes
  1888 | D:2      | Slain by an iguana

Vanquished Creatures
  A hound skeleton (D:2)
  A dart slug (D:1)
  5 ball pythons
  2 endoplasms (D:1)
  2 giant cockroaches (D:1)
  3 goblins (D:1)
  A hobgoblin (D:2)
  3 jackals (D:2)
  2 quokkas
  2 bats (D:1)
  A frilled lizard (D:1)
  4 kobolds (D:1)
  2 rats (D:2)
29 creatures vanquished.
